 Dungeon Crawl Stone Soup version 0.30-a0-393-g54b8e3be05 (webtiles) character file.

Game seed: 7258256711133370774

443 PimpSugar the Magician (level 6, -10/44 HPs)
             Began as a Demonspawn Hedge Wizard on Dec 6, 2022.
             Mangled by Menkaure (17 damage)
             ... on level 4 of the Dungeon.
             The game lasted 00:08:48 (3080 turns).

PimpSugar the Magician (Demonspawn Hedge Wizard)    Turns: 3080, Time: 00:08:49

Health: -10/44     AC:  7    Str: 11    XL:     6   Next: 71%
Magic:  12/12      EV: 13    Int: 17    God:
Gold:   352        SH:  0    Dex: 18    Spells: 10/13 levels left

rFire   . . .      SeeInvis .    e - +0 dagger (venom)
rCold   . . .      Faith    .    (no shield)
rNeg    . . .      Spirit   .    b - +0 robe
rPois   .          Reflect  .    c - +0 hat
rElec   .          Harm     .    (no cloak)
rCorr   .          Rampage  .    s - +2 pair of gloves
Will    .....                    h - +0 pair of boots
Stlth   ++........               i - amulet of magic regeneration
HPRegen 0.27/turn                v - +6 ring of dexterity
MPRegen 0.53/turn                (no ring)

@: brilliant
A: ignite blood 1, sharp scales 1, demonic magic 1
a: no special abilities


You were on level 4 of the Dungeon.
You visited 1 branch of the dungeon, and saw 4 of its levels.

You collected 352 gold pieces.

Inventory:

Hand Weapons
 a - a +0 dagger
 e - a +0 dagger of venom (weapon)
 w - a +4 short sword
 A - a +0 hand axe of freezing
Missiles
 m - 32 stones (quivered)
 z - 4 poisoned darts
Armour
 b - a +0 robe (worn)
 c - a +0 hat (worn)
 h - a +0 pair of boots (worn)
 s - a +2 pair of gloves (worn)
Jewellery
 i - an amulet of magic regeneration (around neck)
 n - an amulet of guardian spirit
 v - a +6 ring of dexterity (left hand)
 y - an amulet of faith
Wands
 t - a wand of digging (2)
 u - a wand of polymorph (13)
Scrolls
 g - a scroll of brand weapon {unknown}
 j - a scroll of noise {unknown}
 k - a scroll of summoning {unknown}
 o - a scroll of immolation
 p - a scroll of magic mapping {unknown}
 q - a scroll of teleportation
 x - 2 scrolls of identify {unknown}
Potions
 d - 3 potions of magic
 l - a potion of brilliance
 r - a potion of lignification {unknown}


   Skills:
 + Level 2.2 Fighting
 + Level 2.7 Dodging
 + Level 3.0 Stealth
 * Level 4.4 Spellcasting
 + Level 2.5 Conjurations
 + Level 2.3 Summonings
 + Level 2.2 Translocations


You had 10 spell levels left.
You knew the following spells:

 Your Spells              Type           Power      Damage    Failure   Level
a - Magic Dart            Conj           72%        1d6       5%          1
b - Call Imp              Summ           17%        N/A       9%          2

Your spell library contained the following spells:

 Spells                   Type           Power      Damage    Failure   Level
 Blink                    Tloc           34%        N/A       9%          2
 Slow                     Hex            20%        N/A       16%         1
 Cigotuvi's Dreadful Rot  Necr/Pois/Air  10%        N/A       22%         2
 Mephitic Cloud           Conj/Pois/Air  9%         N/A       32%         3


Dungeon Overview and Level Annotations

Branches:
Dungeon (4/15)
 Temple: D:4-7

Altars:
Trog

Shops:
D:2 (

Annotations:
D:4 Menkaure


Innate Abilities, Weirdness & Mutations

Your demonic aura sometimes causes spilled blood to erupt in flames.
You are partially covered in razor-sharp scales. (AC +1, Slay +1)
Spells you cast may paralyse adjacent enemies.


Message History

Confirm with . or Enter, or press ? or * to list all spells.
Aiming: Magic Dart (safe; 5% risk of failure)
Press: ? - help, Shift-Dir - straight line, f/p - Menkaure
Aim: Menkaure (lightly damaged, ally target, 100% to hit)
The magic dart hits Menkaure.
Menkaure is lightly damaged.
Malevolent energies surge around you.
Menkaure points at you and mumbles some strange words.
Pain shoots through your body!
Casting: Magic Dart (safe; 5% risk of failure)
Confirm with . or Enter, or press ? or * to list all spells.
Aiming: Magic Dart (safe; 5% risk of failure)
Press: ? - help, Shift-Dir - straight line, f/p - Menkaure
Aim: Menkaure (lightly damaged, ally target, 100% to hit)
The magic dart hits Menkaure.
Menkaure is lightly damaged.
Malevolent energies surge around you.
Menkaure calls on the powers of darkness!
Your body is wracked with pain!
Your crimson imp hits Menkaure but does no damage.
You feel much better.
Menkaure closely misses your crimson imp.
Your crimson imp hits Menkaure but does no damage.
Your crimson imp hits Menkaure.
Your crimson imp disappears in a puff of smoke!
Menkaure misses you.
You hit Menkaure.
Menkaure is heavily damaged.
You hit Menkaure.
Menkaure is heavily damaged.
Menkaure hits you! Menkaure closely misses you.
You hit Menkaure but do no damage.
Menkaure is heavily damaged.
Menkaure hits you!!
* * * LOW HITPOINT WARNING * * *
It was a potion of brilliance.
You feel clever all of a sudden. Menkaure hits you!
You die...

#..........
##.........P
.P........P♣ ##
♣.......P♣.♣ ♣.# .
.......P.♣ ..# ♣)
♣♣♣♣..)...P♣♣PP.##♣♣.
#.♣..P.M.<...PPP.....♣.
#.....@.)....PPP...#...
##.P(.P..†).....####...
#...♣PP.).............
#.PP♣♣..†...######....
#.. ♣♣....## #...> #..
......... #.##. #.
..P...####.####..#.
##......## ........
####### #####...


You could see Menkaure.

Vanquished Creatures
  A black bear (D:4)
  An ogre (D:4)
  A scorpion (D:4)
  A hound (D:4)
  2 adders (D:2)
  4 worms
  3 dart slugs
  7 orcs
  6 endoplasms
  3 giant cockroaches
  4 goblins (D:1)
  6 hobgoblins
  4 kobolds
  3 quokkas
  6 ball pythons
  5 bats
  2 frilled lizards
  6 rats
65 creatures vanquished.

Vanquished Creatures (collateral kills)
  A phantom (D:4)
  2 orcs (D:4)
  A hobgoblin (D:1)
  A frilled lizard (D:1)
5 creatures vanquished.

Vanquished Creatures (others)
  4 plants (D:4)
4 creatures vanquished.

Grand Total: 74 creatures vanquished

Notes
Turn   | Place    | Note
-------+----------+-------------------------------------------
     0 | D:1      | PimpSugar the Demonspawn Hedge Wizard began the quest for
                  | the Orb.
     0 | D:1      | Reached XP level 1. HP: 13/13 MP: 4/4
    51 | D:1      | Reached skill level 1 in Translocations
   364 | D:1      | Gained mutation: Your demonic aura sometimes causes spilled
                  | blood to erupt in flames. [demonic ancestry]
   364 | D:1      | Reached XP level 2. HP: 19/20 MP: 6/6
   369 | D:1      | Found a faded altar of an unknown god.
   464 | D:1      | Learned a level 2 spell: Call Imp
  1029 | D:2      | Gained mutation: You are partially covered in razor-sharp
                  | scales. (AC +1, Slay +1) [demonic ancestry]
  1029 | D:2      | Reached XP level 3. HP: 19/25 MP: 7/7
  1417 | D:2      | Found Lepefux's Weapon Emporium.
  1472 | D:2      | Reached skill level 1 in Fighting
  2001 | D:3      | Reached XP level 4. HP: 28/32 MP: 9/9
  2136 | D:3      | Found a bloodstained altar of Trog.
  2585 | D:4      | Noticed a phantom
  2623 | D:4      | Killed a phantom
  2624 | D:4      | Gained mutation: Spells you cast may paralyse adjacent
                  | enemies. [demonic ancestry]
  2624 | D:4      | Reached XP level 5. HP: 20/37 MP: 10/10
  2626 | D:4      | Noticed a black bear
  2631 | D:4      | Noticed an ogre
  2653 | D:4      | Killed a black bear
  2654 | D:4      | Reached skill level 4 in Spellcasting
  2654 | D:4      | Reached XP level 6. HP: 29/44 MP: 10/12
  3065 | D:4      | Noticed Menkaure
  3080 | D:4      | Mangled by Menkaure

Illustrated notes

Levels and vault maps discovered:
D:1:      minmay_arrival_four_houses, layout_basic,
          hellmonk_ecumenical_altar_zigzags, chequers_serial_rivers_micro_c
D:2:      layout_basic, serial_shops, nicolae_shop_bloodbath_and_beyond
D:3:      layout_basic, amcnicky_altar_gilded, nicolae_tso_carved_into_rock
D:4:      layout_rooms, minmay_temple_entry_overgrown, serial_forest,
          infiniplex_forest_clump_curved, infiniplex_forest_clump_double,
          infiniplex_forest_pool, infiniplex_forest_end_1,
          infiniplex_forest_clump_cross, infiniplex_forest_clump_tiny,
          infiniplex_forest_clump_medium, uniq_menkaure

Skill      XL: |  1  2  3  4  5  6 |
---------------+-------------------+-----
Translocations | 1 2 |  2.2
Stealth        | 2 3 |  3.0
Dodging        | 2 |  2.7
Fighting       | 1 2 |  2.2
Conjurations   | 2 |  2.5
Spellcasting   | 4 |  4.4
Summonings     | 2 |  2.3

Action                   |  1- 3 |  4- 6 || total
-------------------------+-------+-------++-------
Melee: Dagger            |   104 |   104 ||   208
       Punch             |     3 |     1 ||     4
 Cast: Magic Dart        |    21 |    35 ||    56
       Call Imp          |     2 |     6 ||     8
  Use: Scroll            |     4 |       ||     4
       Potion            |       |     4 ||     4
 Stab: Sleeping          |     3 |     1 ||     4
       Paralysed         |       |     1 ||     1
Armor: Robe              |    19 |    29 ||    48
Dodge: Dodged            |    66 |    54 ||   120

Table legend: (Time is in decaauts)
 A = Elapsed time spent in this place.
 B = Non-inter-level travel time spent in this place.
 C = Inter-level travel time spent in this place.
 D = Time resting spent in this place.
 E = Time spent auto-exploring this place.
 F = Levels seen in this place.
 G = Mean time per level.
                   A        B        C        D        E       F      G
               +--------+--------+--------+--------+--------+-----+--------+
         Total |   3078 |   2674 |    404 |      2 |   1700 |   4 |  769.5 |
       Dungeon |   3078 |   2674 |    404 |      2 |   1700 |   4 |  769.5 |
               +--------+--------+--------+--------+--------+-----+--------+

Top non-repeatable levels by time:
     D:2: 1021 daAuts
     D:1: 829 daAuts
     D:3: 733 daAuts
     D:4: 494 daAuts
